 Dungeon Crawl Stone Soup version 0.29.0-4-gdea44cf6ec (webtiles) character file.

Game seed: 4987004957360501291

9 qw the Caller (level 2, -1/23 HPs)
             Began as a Ghoul Summoner on Sept 10, 2022.
             Slain by a rat (2 damage)
             ... on level 1 of the Dungeon.
             The game lasted 00:00:10 (352 turns).

qw the Caller (Ghoul Summoner)                       Turns: 352, Time: 00:00:11

Health: -1/23      AC:  2    Str: 11    XL:     2   Next: 16%
Magic:  0/3        EV: 12    Int: 10    God:
Gold:   11         SH:  0    Dex:  9    Spells: 3/4 levels left

rFire   . . .      SeeInvis .   d - +0 whip
rCold   + . .      Faith    .   (no shield)
rNeg    + + +      Spirit   .   a - +0 robe
rPois   inf        Reflect  .   (no helmet)
rElec   .          Harm     .   (no cloak)
rCorr   .          Rampage  .   (no gloves)
Will    .....                   (no boots)
Stlth   ++........              (no amulet)
HPRegen 0.00/turn               (no ring)
MPRegen 0.08/turn               (no ring)

@: inhibited regen
A: claws 1, cold resistance 1, negative energy resistance 3, inhibited
regeneration, torment resistance 2, devour on kill
a: no special abilities


You were on level 1 of the Dungeon.
You visited 1 branch of the dungeon, and saw 1 of its levels.

You collected 11 gold pieces.


Innate Abilities, Weirdness & Mutations

You are immune to poison.
You have sharp fingernails.
Your flesh is cold resistant. (rC+)
You are immune to negative energy. (rN+++)
You do not regenerate when monsters are visible.
You are immune to unholy pain and torment.
You thrive by killing the living.


   Skills:
 - Level 1.0 Fighting
 + Level 1.1 Axes
 - Level 1.7 Dodging
 - Level 2.1 Stealth
 - Level 1.7 Spellcasting
 - Level 3.6 Summonings


You had 3 spell levels left.
You knew the following spells:

 Your Spells              Type           Power      Damage    Failure   Level
a - Summon Small Mammal   Summ           32%        N/A       8%          1

Your spell library contained the following spells:

 Spells                   Type           Power      Damage    Failure   Level
 Call Imp                 Summ           8%         N/A       11%         2
 Call Canine Familiar     Summ           8%         N/A       22%         3
 Summon Guardian Golem    Hex/Summ       4%         N/A       43%         3
 Summon Lightning Spire   Summ/Air       4%         N/A       83%         4

Inventory:

Hand Weapons
 d - a +0 whip (weapon)
Armour
 a - a +0 robe (worn)
Jewellery
 c - a ring of protection from cold
Potions
 b - a potion of magic

Dungeon Overview and Level Annotations

Branches:
Dungeon (1/15)

Altars:


Message History

Casting: Summon Small Mammal (safe; 8% risk of failure)
Confirm with . or Enter, or press ? or * to list all spells.
The kobold hits your rat with a +0 whip.
The hobgoblin hits you.
A rat comes into view.
You hit the hobgoblin.
The hobgoblin is almost dead.
The rat bites your rat but does no damage.
The kobold barely misses your rat.
Your rat closely misses the rat.
The hobgoblin hits you.
You barely miss the hobgoblin.
The hobgoblin is almost dead.
The rat barely misses your rat. The kobold misses your rat.
Your rat bites the rat but does no damage.
The hobgoblin hits you.
You barely miss the hobgoblin.
The hobgoblin is almost dead.
The rat bites your rat.
Your rat dies!
Your rat's corpse disappears in a puff of smoke!
The hobgoblin hits you.
You barely miss the hobgoblin. Your claw misses the hobgoblin.
The hobgoblin is almost dead.
The kobold closely misses you.
The hobgoblin hits you but does no damage.
You barely miss the hobgoblin.
The hobgoblin is almost dead.
The kobold closely misses you. The hobgoblin hits you.
You barely miss the hobgoblin.
The hobgoblin is almost dead.
The kobold hits you with a +0 whip. The hobgoblin closely misses you.
You hit the hobgoblin but do no damage.
The hobgoblin is almost dead.
The kobold barely misses you. The hobgoblin closely misses you.
You hit the hobgoblin.
You kill the hobgoblin!
The kobold barely misses you.
You barely miss the kobold. The kobold hits you with a +0 whip.
The rat bites you.
You die...

##...## #.....#
.#~ #.....# .~~#
#.....# .~~#
#..)..# #..#
#.....#####..#
#............#
#.....#####~##
##.#.###..@.#
#.#.....#rK#
#.#.#####r.#
#.#.#.....~~..~~g
#...#.#........K.
##### #..##!.....
#.. ...... #.#
#..... #. .....


You could see a kobold and 2 rats.

Vanquished Creatures
  A hobgoblin (D:1)
  A quokka (D:1)
  A kobold (D:1)
3 creatures vanquished.

Vanquished Creatures (collateral kills)
  2 bats (D:1)
  An endoplasm (D:1)
  2 goblins (D:1)
5 creatures vanquished.

Grand Total: 8 creatures vanquished

Notes
Turn   | Place    | Note
-------+----------+-------------------------------------------
     0 | D:1      | qw the Ghoul Summoner began the quest for the Orb.
     0 | D:1      | Reached XP level 1. HP: 14/14 MP: 2/2
     0 | D:1      | 0 ||| qw: Version: 0.1-a-116-g5d60599
     0 | D:1      | 0 ||| qw: Game counter: 7523
     0 | D:1      | 0 ||| qw: Always use a shield: true
     0 | D:1      | 0 ||| qw: God list: Okawaru
     0 | D:1      | 0 ||| qw: Allow faded altars: false
     0 | D:1      | 0 ||| qw: Do Orc after D:15 true
     0 | D:1      | 0 ||| qw: Do second Lair branch before Depths: true
     0 | D:1      | 0 ||| qw: Lair rune preference: random
     0 | D:1      | 0 ||| qw: Plans: Normal
     0 | D:1      | 0 ||| PLANNING D:1-11
    28 | D:1      | 28 ||| CASTING Summon Small Mammal
    29 | D:1      | 29 ||| CASTING Summon Small Mammal
    61 | D:1      | 61 ||| Wielding weapon +0 whip.
    68 | D:1      | 68 ||| CASTING Summon Small Mammal
    69 | D:1      | 69 ||| CASTING Summon Small Mammal
   107 | D:1      | 107 ||| CASTING Summon Small Mammal
   108 | D:1      | 108 ||| CASTING Summon Small Mammal
   140 | D:1      | 140 ||| CASTING Summon Small Mammal
   141 | D:1      | 141 ||| CASTING Summon Small Mammal
   145 | D:1      | Reached skill level 1 in Axes
   194 | D:1      | 194 ||| CASTING Summon Small Mammal
   195 | D:1      | 195 ||| CASTING Summon Small Mammal
   207 | D:1      | 207 ||| CASTING Summon Small Mammal
   213 | D:1      | Reached XP level 2. HP: 22/22 MP: 0/3
   219 | D:1      | Reached skill level 1 in Fighting
   331 | D:1      | 331 ||| CASTING Summon Small Mammal
   332 | D:1      | 332 ||| Stepping ~*~*~tactically~*~*~ (stealth).
   335 | D:1      | 335 ||| CASTING Summon Small Mammal
   336 | D:1      | 336 ||| CASTING Summon Small Mammal
   342 | D:1      | 342 ||| Stepping ~*~*~tactically~*~*~ (outnumbered).
   343 | D:1      | 343 ||| CASTING Summon Small Mammal
   349 | D:1      | HP: 5/23 [kobold/+0 whip (4)]
   352 | D:1      | HP: 1/23 [kobold/+0 whip (4)]
   352 | D:1      | Slain by a rat

Levels and vault maps discovered:
D:1:      sevenhm_arrival_forest_fort_small_4, layout_basic,
          dreamdust_ecumenical_altar_drowned_temple

Skill      XL: |  1  2 |
---------------+-------+-----
Axes           | 1 |  1.1
Fighting       | 1 |  1.0
Dodging        | |  1.7
Stealth        | |  2.1
Spellcasting   | |  1.7
Summonings     | |  3.6

Action                   || total
-------------------------++-------
Melee: Whip              ||    19
 Cast: Summon Small Mamm ||    14
Armor: Robe              ||     3
Dodge: Dodged            ||    13

Table legend:
 A = Non-vault XP
 B = Vault XP
 C = Vault XP percentage of total XP
 D = Non-vault monster count
 E = Vault monster count
 F = Vault count percentage of total count
                 A         B        C        D         E       F
            +---------+---------+-------+---------+---------+-------
      Total |      14 |       0 |   0.0 |       8 |       0 |   0.0
            +---------+---------+-------+---------+---------+-------
        D:1 |      14 |       0 |   0.0 |       8 |       0 |   0.0
            +---------+---------+-------+---------+---------+-------
